 Dungeon Crawl Stone Soup version 0.28.0-49-g6dfe1f597d (webtiles) character file.

Game seed: 17130801117967620718

2 H0rd4k the Charlatan (level 1, 0/15 HPs)
             Began as a Human Artificer on May 19, 2022.
             Slain by a goblin
             ... wielding a +0 club
              (3 damage)
             ... on level 1 of the Dungeon.
             The game lasted 00:00:07 (164 turns).

H0rd4k the Charlatan (Human Artificer)               Turns: 164, Time: 00:00:08

Health: 0/15       AC:  3    Str: 12    XL:     1   Next: 33%
Magic:  1/1        EV: 11    Int: 11    God:
Gold:   0          SH:  0    Dex: 13    Spells: 0/0 levels left

rFire   . . .      SeeInvis .   a - +0 club
rCold   . . .      Faith    .   (no shield)
rNeg    . . .      Spirit   .   b - +0 leather armour
rPois   .          Reflect  .   (no helmet)
rElec   .          Harm     .   (no cloak)
rCorr   .          Rampage  .   (no gloves)
Will    .....                   (no boots)
Stlth   +.........              (no amulet)
HPRegen 0.05/turn               (no ring)
MPRegen 0.07/turn               (no ring)

@: very slow
A: no striking features
a: no special abilities


You were on level 1 of the Dungeon.
You visited 1 branch of the dungeon, and saw 1 of its levels.

Inventory:

Hand Weapons
 a - a +0 club (weapon)
Armour
 b - a +0 leather armour (worn)
Wands
 c - a wand of flame (15) (quivered)
 d - a wand of charming (15)
Miscellaneous
 e - a piece from Xom's chessboard (15/15)


   Skills:
 + Level 1.0 Fighting
 + Level 2.0 Armour
 + Level 1.0 Dodging
 + Level 1.0 Stealth
 + Level 3.1 Evocations


You couldn't memorise any spells.
You didn't know any spells.
Your spell library was empty.

Dungeon Overview and Level Annotations

Branches:
Dungeon (1/15)

Altars:


Message History

The goblin hits you with a +0 club. x2
Your unstable footing causes you to fumble your attack.
The goblin closely misses you.
You closely miss the goblin. The goblin closely misses you.
You hit the goblin.
The goblin is moderately wounded.
The goblin splashes around in the water.
The goblin hits you but does no damage.
Your unstable footing causes you to fumble your attack.
The goblin hits you with a +0 club.
Your unstable footing causes you to fumble your attack.
The goblin misses you.
You hit the goblin but do no damage. Your punch misses the goblin.
The goblin is moderately wounded.
The goblin splashes around in the water.
The goblin hits you with a +0 club.
You hit the goblin.
The goblin is severely wounded.
The goblin closely misses you.
You barely miss the goblin.
The goblin is severely wounded.
The goblin hits you but does no damage.
You barely miss the goblin.
The goblin is severely wounded.
The goblin hits you but does no damage.
You barely miss the goblin.
The goblin is severely wounded.
The goblin hits you but does no damage. The goblin hits you with a +0 club.
* * * LOW HITPOINT WARNING * * *
Your unstable footing causes you to fumble your attack.
The goblin barely misses you.
Your unstable footing causes you to fumble your attack.
The goblin hits you but does no damage.
You closely miss the goblin.
The goblin is severely wounded.
The goblin hits you but does no damage. The goblin hits you with a +0 club.
* * * LOW HITPOINT WARNING * * *
Your unstable footing causes you to fumble your attack.
The goblin hits you with a +0 club.
You die...

...... ##.. .#.##.#
#.#... .#.##.# #.#...#
.#.##.# ......≈ .#.##.#
#.#...≈ .#.##.#
#.≈≈..≈♣≈#.##.####♣♣♣♣♣♣
#≈≈≈..≈≈♣♣.##.##.'......
P≈≈≈...@≈≈♣......#♣.♣♣♣♣
≈≈P...g≈≈≈♣♣###.##♣.♣♣P♣
≈PP....≈≈≈♣ #.# ♣.♣P..
≈P≈≈$..≈≈♣♣ #.# ♣P...⌠
≈≈≈≈...P≈≈♣ ..# ♣♣♣...
≈≈≈≈...≈P≈♣ #.# ♣♣..
≈≈≈≈≈..≈P≈♣ #.# ♣♣.
≈≈≈≈≈..≈≈♣♣ #.# ♣.
≈≈≈≈≈...≈≈ #.# ♣♣


You could see a goblin.

Vanquished Creatures
  A ball python (D:1)
  A rat (D:1)
2 creatures vanquished.

Notes
Turn   | Place    | Note
-------+----------+-------------------------------------------
     0 | D:1      | H0rd4k the Human Artificer began the quest for the Orb.
     0 | D:1      | Reached XP level 1. HP: 15/15 MP: 1/1
   164 | D:1      | Slain by a goblin

Illustrated notes

Levels and vault maps discovered:
D:1:      psy_arrival_fountain, layout_loops_ring, serial_bayou,
          serial_bayou_pond_a, serial_bayou_lagoon_a, serial_bayou_pond_b,
          serial_bayou_ford_a, serial_bayou_crossing

Action                   || total
-------------------------++-------
Melee: Club              ||    27
Armor: Leather armour    ||    12
Dodge: Dodged            ||    14
